 Dungeon Crawl Stone Soup version 0.19-a0-1686-g35356ef (webtiles) character file.

147 MistressOfTheDunes the Insei (level 5, 0/41 HPs)
             Began as a Mummy Monk on Sept 25, 2016.
             Slain by a centaur (7 damage)
             ... on level 4 of the Dungeon.
             The game lasted 00:04:59 (3561 turns).

MistressOfTheDunes the Insei (Mummy Monk)           Turns: 3561, Time: 00:04:59

Health: 0/41       AC:  3    Str: 15    XL:     5   Next: 7%
Magic:  5/5        EV: 13    Int:  9    God:
Gold:   100        SH:  0    Dex: 15    Spells: 0 memorised, 4 levels left

rFire  x . .     SeeInvis .       - Unarmed
rCold  + . .     Gourm    .     (no armour)
rNeg   + + +     Faith    .     (no shield)
rPois  ∞         Spirit   .     (no helmet)
rElec  .         Dismiss  .     a - +0 cloak
rCorr  .         Reflect  .     b - +0 pair of gloves
MR     .....     Harm     .     (no boots)
Stlth  +.........               (no amulet)
                                f - ring of loudness (curse)
                                (no ring)

@: no status effects
A: no food or potions, fire vulnerability, cold resistance 1, negative energy
resistance 3, torment resistance, unbreathing
a: no special abilities


You were on level 4 of the Dungeon.
You were not hungry.

You visited 1 branch of the dungeon, and saw 4 of its levels.

You collected 100 gold pieces.


Innate Abilities, Weirdness & Mutations

You do not eat or drink.
Your flesh is vulnerable to fire.
You are immune to poison.
Your flesh is cold resistant. (rC+)
You are immune to negative energy. (rN+++)
You are immune to unholy pain and torment.
You can survive without breathing.


   Skills:
 - Level 3.0 Fighting
 - Level 2.4 Dodging
 - Level 1.5 Stealth
 + Level 4.8 Unarmed Combat


You had 4 spell levels left.
You didn't know any spells.

Inventory:

Armour
 a - a +0 cloak (worn)
 b - a +0 pair of gloves (worn)
 e - a +0 buckler
Jewellery
 f - a cursed ring of loudness (right hand)
Scrolls
 c - a scroll of noise {unknown}
 d - 2 scrolls of identify {unknown}
 g - a scroll of recharging {unknown}
 h - a scroll of amnesia {unknown}
 i - a scroll of remove curse {unknown}

Dungeon Overview and Level Annotations

Branches:
Dungeon (4/15)
 Temple: D:4-7

Altars:
Ashenzari
Dithmenos
Yredelemnul

Annotations:
D:4 Potsanchik's ghost, amateur DEGl

........▒▒...
▒............ ▒../....▒
... ▒.....▒▒▒▒.. ..
▒▒........... ... ..
▒...<.?...▒▒.▒▒▒ ..▒ .▒.
▒.[..!....▒£c((▒ ... ....
▒.......▒...▒▒c▒ ▒.▒▒....
▒▒..........lM.▒ ▒.....
▒▒.........▒w(▒▒▒..▒▒▒▒..
▒▒▒▒...▒..>....(......▒
.........▒▒▒c..▒▒.▒
.........▒ ▒▒''▒
..........▒ ..≈≈▒
..▒▒▒.....▒ ..♣≈▒ .
▒▒▒▒▒.+ ▒▒. + .+ c.


You could see a centaur, a dart slug and a leopard gecko.


Message History

The centaur is moderately wounded!
The centaur misses you!
You beat the centaur but do no damage!
The centaur is moderately wounded!
The centaur hits you but does no damage!
You squash the centaur but do no damage!
The centaur is moderately wounded!
The centaur closely misses you! The centaur barely misses you!
You squash the centaur like an ant!
You punch the centaur!
The centaur is severely wounded!
The leopard gecko closely misses you! The centaur barely misses you!
The leopard gecko bites you but does no damage!
You squash the centaur but do no damage!
The centaur is severely wounded!
The centaur hits you! The leopard gecko bites you!
The centaur hits you!!! * * * don't die
* * * You closely miss the centaur!
The centaur is severely wounded!
The centaur hits you! * * * don't die
* * * The leopard gecko closely misses you!
You pulverise the centaur!
The centaur is severely wounded!
The centaur hits you! * * * don't die
* * * The dart slug closely misses you!
The leopard gecko barely misses you!
You barely miss the centaur!
The centaur is severely wounded!
The centaur hits you!!! rip

Action                   |  1- 3 |  4- 6 || total
-------------------------+-------+-------++-------
Melee: Unarmed           |   206 |   105 ||   311
       Punch             |     4 |     3 ||     7
Armor: Skin              |    45 |    19 ||    64
Dodge: Dodged            |   128 |    65 ||   193

Vault maps used:
D:1:      dpeg_arrival_rooms_with_view
D:2:      overflow_temple_1_default, nicolae_ashenzari_panopticon,
          grunt_dithmenos_smoke
D:3:      first_bread
D:4:      lightli_ossuary_entry_decrepit_ruins, serial_shops, kennysheep_mini,
          kennysheep_generic_room_15

Notes
Turn   | Place    | Note
-------+----------+-------------------------------------------
     0 | D:1      | MistressOfTheDunes the Mummy Monk began the quest for the Orb.
     0 | D:1      | Reached XP level 1. HP: 18/18 MP: 1/1
   310 | D:1      | Reached skill level 3 in Unarmed Combat
   310 | D:1      | Reached XP level 2. HP: 18/24 MP: 2/2
   442 | D:1      | HP: 2/24 [goblin/dagger (2)]
   805 | D:1      | Reached XP level 3. HP: 8/29 MP: 3/3
  1580 | D:2      | Found a basalt altar of Yredelemnul.
  1580 | D:2      | Found a shadowy altar of Dithmenos.
  1905 | D:2      | Reached skill level 4 in Unarmed Combat
  2050 | D:2      | Found a shattered altar of Ashenzari.
  2078 | D:2      | Reached XP level 4. HP: 34/35 MP: 4/4
  2900 | D:4      | Noticed Potsanchik's ghost (amateur DEGl)
  2988 | D:4      | Noticed a centaur
  3129 | D:4      | Reached XP level 5. HP: 29/41 MP: 5/5
  3131 | D:4      | Noticed an ogre
  3561 | D:4      | Slain by a centaur

Vanquished Creatures
  A centaur skeleton (D:4)
  3 adders
  2 worms
  4 dart slugs
  3 leopard geckos
  5 orcs (D:3)
  5 giant cockroaches
  8 goblins
  6 hobgoblins
  9 jackals
  3 kobolds (D:1)
  2 ball pythons (D:1)
  6 bats
  6 frilled lizards
  2 rats (D:1)
65 creatures vanquished.
